 Dungeon Crawl Stone Soup version 0.22.1-1-ga44c0e5 (webtiles) character file.

1161 Folque the Stinger (level 8, 0/52 HPs)
             Began as an Octopode Venom Mage on Oct 7, 2018.
             Splashed by a jelly's acid (4 damage)
             ... on level 6 of the Dungeon.
             The game lasted 00:26:06 (5500 turns).

Folque the Stinger (Octopode Venom Mage)            Turns: 5500, Time: 00:26:06

Health: 0/52       AC: -11   Str:  7    XL:     8   Next: 39%
Magic:  10/16      EV: 14    Int: 20    God:
Gold:   224        SH:  0    Dex: 12    Spells: 3/18 levels left

rFire    . . .     SeeInvis .   v - +4 trident
rCold    . . .     Gourm    .   (no shield)
rNeg     . . .     Faith    .   (helmet restricted)
rPois    .         Spirit   .   (no amulet)
rElec    .         Reflect  .   (no ring)
rCorr    .         Harm     .   (no ring)
MR       .....                  (no ring)
Stlth    ++++......             (no ring)
HPRegen  0.17/turn              (no ring)
MPRegen  0.15/turn              (no ring)
                                (no ring)
                                (no ring)

@: corroded
A: almost no armour, stealthy swim, amphibious, 8 rings, constrict 8, camouflage
1, gelatinous body 1
a: no special abilities


You were on level 6 of the Dungeon.
You were not hungry.

You visited 2 branches of the dungeon, and saw 7 of its levels.

You collected 224 gold pieces.

Inventory:

Hand Weapons
 a - a +0 spear
 s - a +1 dagger of venom
 t - a cursed -1 dagger
 v - a +4 trident (weapon)
Missiles
 d - 25 poisoned needles
 k - 7 needles of confusion
 m - 62 bolts
 o - 7 tomahawks (quivered)
 w - 19 sling bullets
Wands
 z - a wand of acid (8)
Scrolls
 c - 2 scrolls of noise
 e - 4 scrolls of identify
 h - 2 scrolls of teleportation
 i - a scroll of fear {unknown}
 q - a scroll of enchant armour {unknown}
 r - a scroll of enchant weapon {unknown}
 u - a scroll of fog {unknown}
 y - 2 scrolls of remove curse {unknown}
Potions
 f - 2 potions of cancellation {unknown}
 g - a potion of flight {unknown}
 j - 3 potions of mutation
 l - 3 potions of heal wounds {unknown}
 p - 3 potions of curing
 x - 2 potions of brilliance {unknown}
Comestibles
 b - 11 rations


   Skills:
 - Level 3.0 Fighting
 + Level 3.9 Dodging
 - Level 6.0 Stealth
 * Level 5.5 Spellcasting
 - Level 2.2 Conjurations
 + Level 1.0 Air Magic
 - Level 6.0 Poison Magic


You had 3 spell levels left.
You knew the following spells:

 Your Spells              Type           Power        Failure   Level  Hunger
a - Sting                 Conj/Pois      ###.         1%          1    None
b - Poisonous Vapours     Pois/Air       ###...       3%          2    None
c - Mephitic Cloud        Conj/Pois/Air  ###.....     9%          3    ##.....
d - Olgreb's Toxic Radia  Pois           ####....     9%          4    ####...
e - Venom Bolt            Conj/Pois      ###.......   50%         5    #####..

Your spell library contained the following spells:

 Spells                   Type           Power        Failure   Level  Hunger
 Flame Tongue             Conj/Fire      ##...        7%          1    None
 Throw Flame              Conj/Fire      ##....       11%         2    None
 Conjure Flame            Conj/Fire      ##......     21%         3    ##.....
 Inner Flame              Hex/Fire       #.......     32%         3    ##.....
 Sticky Flame             Conj/Fire      ##......     56%         4    ####...
 Fireball                 Conj/Fire      ##........   88%         5    #####..


Dungeon Overview and Level Annotations

Branches:
Dungeon (6/15)             Temple (1/1) D:6

Altars:
Ashenzari
Cheibriados
Dithmenos
Elyvilon
Hepliaklqana
Kikubaaqudgha
Makhleb
Nemelex Xobeh
Okawaru
Ru
Sif Muna
Trog
Wu Jian
Xom
Yredelemnul
The Shining One

Annotations:
D:6 1 runed door, exclusions: 3 wights and 1 more exclusion, CrazyArbalest's ghost, amateur BaHu


Innate Abilities, Weirdness & Mutations

You cannot wear most types of armour.
You are very stealthy in the water. (Stealth+)
You are amphibious.
You can wear up to eight rings at the same time.
You can use your tentacles to constrict eight enemies at once.
Your skin changes colour to match your surroundings (Stealth+).
Your rubbery body absorbs attacks. (AC +1, EV +1)


Message History

Aim: a jelly (severely wounded)
You barely miss the jelly.
The jelly is severely wounded.
The jelly hits you. The acid corrodes you!
You are splashed with acid!
The acid burns!
The jelly hits you.
You are splashed with acid!
The acid burns!
* * * LOW HITPOINT WARNING * * *
You hit the jelly. The acid corrodes you!
Your tentacles burn!
* * * LOW HITPOINT WARNING * * *
The jelly is almost dead.
The jelly closely misses you.
You hit the jelly but do no damage.
Your tentacles burn!
* * * LOW HITPOINT WARNING * * *
The jelly is almost dead.
The jelly closely misses you.
You hit the jelly but do no damage.
Your tentacles burn!
* * * LOW HITPOINT WARNING * * *
The jelly is almost dead.
The jelly misses you. The jelly closely misses you.
You hit the jelly.
Your tentacles burn!
You die...

#.... ##...
.<.....z.z..
.....##...
......z.....
..........
#...........
.=.......#
#.......?...
.........#
##...... ...
...)))...#
#..... ...
#......# #...#
####+ #.[..#
#..## #....
##J@.# #...##
#.... #.((#
###..###...>
##..##
##...#....
##..#
#...#....
#.(##
##..####'
###.##
#.......
##.###
#......#
##..###......#
#............


You could see a jelly.

Vanquished Creatures
  An ogre (D:4)
  2 centaurs
  A phantom (D:4)
  A jelly (D:4)
  2 hounds (D:4)
  3 orc priests
  Crazy Yiuf (D:5)
  A bullfrog skeleton (D:4)
  An iguana (D:4)
  Terence (D:2)
  5 worker ants
  Natasha (thrice) (D:4)
  3 orc wizards
  A hound skeleton (D:4)
  Robin (D:4)
  8 adders
  An ooze (D:2)
  An adder zombie (D:6)
  5 worms
  2 dart slugs
  A leopard gecko (D:5)
  26 orcs
  4 ball pythons
  9 giant cockroaches
  9 hobgoblins
  11 jackals
  2 quokkas
  4 bats
  3 frilled lizards
  19 goblins
  8 kobolds
  10 rats
150 creatures vanquished.

Notes
Turn   | Place    | Note
-------+----------+-------------------------------------------
     0 | D:1      | Folque the Octopode Venom Mage began the quest for the Orb.
     0 | D:1      | Reached XP level 1. HP: 11/11 MP: 3/3
   325 | D:1      | Reached XP level 2. HP: 15/18 MP: 5/5
   329 | D:1      | Reached skill level 1 in Fighting
   353 | D:1      | Learned a level 2 spell: Poisonous Vapours
   802 | D:2      | Reached XP level 3. HP: 18/23 MP: 3/6
  1272 | D:2      | Reached XP level 4. HP: 29/29 MP: 7/7
  1470 | D:2      | Noticed Terence
  1478 | D:2      | Learned a level 3 spell: Mephitic Cloud
  1486 | D:2      | Killed Terence
  2134 | D:2      | Reached XP level 5. HP: 35/35 MP: 2/9
  2895 | D:4      | Noticed Natasha
  2901 | D:4      | Killed Natasha
  2901 | D:4      | Reached skill level 5 in Poison Magic
  2955 | D:4      | Learned a level 4 spell: Olgreb's Toxic Radiance
  2988 | D:4      | Noticed an ogre
  3002 | D:4      | Killed an ogre
  3002 | D:4      | Reached XP level 6. HP: 42/42 MP: 2/11
  3118 | D:4      | Noticed Robin
  3126 | D:4      | Killed Robin
  3448 | D:4      | Noticed Natasha
  3454 | D:4      | Killed Natasha
  3463 | D:4      | Reached XP level 7. HP: 46/46 MP: 0/13
  3739 | D:4      | Reached skill level 5 in Stealth
  3953 | D:4      | Noticed Natasha
  3982 | D:4      | Killed Natasha
  4288 | D:5      | Entered Level 5 of the Dungeon
  4584 | D:5      | Found a runed door.
  4588 | D:5      | Noticed Crazy Yiuf
  4599 | D:5      | Killed Crazy Yiuf
  4599 | D:5      | Reached XP level 8. HP: 52/52 MP: 5/15
  4625 | D:5      | Reached skill level 5 in Spellcasting
  4639 | D:5      | Learned a level 5 spell: Venom Bolt
  5035 | D:6      | Found a runed door.
  5036 | D:6      | Noticed CrazyArbalest's ghost (amateur BaHu)
  5046 | D:6      | Found a snail-covered altar of Cheibriados.
  5170 | D:6      | Found a staircase to the Ecumenical Temple.
  5176 | Temple   | Entered the Ecumenical Temple
  5438 | D:6      | Found a bloodstained altar of Trog.
  5490 | D:6      | Reached skill level 1 in Air Magic
  5500 | D:6      | Splashed by a jelly's acid

Skill      XL: |  1  2  3  4  5  6  7  8 |
---------------+-------------------------+-----
Fighting       | 1 2 3 |  3.0
Poison Magic   | 4 5 6 |  6.0
Stealth        | 3 4 5 6 |  6.0
Spellcasting   | 3 4 5 |  5.5
Dodging        | 3 |  3.9
Conjurations   | 2 |  2.2
Air Magic      | 1 |  1.0

Action                   |  1- 3 |  4- 6 |  7- 9 || total
-------------------------+-------+-------+-------++-------
Melee: Spear             |    97 |    78 |       ||   175
       Constrict         |    17 |    31 |    14 ||    62
       Tentacles         |    11 |    13 |     8 ||    32
       Dagger            |       |    23 |       ||    23
       Trident           |       |    24 |   102 ||   126
Throw: Tomahawk          |       |     4 |     2 ||     6
 Cast: Sting             |     9 |    11 |     6 ||    26
       Poisonous Vapours |     6 |    27 |     3 ||    36
       Mephitic Cloud    |       |     6 |    11 ||    17
       Olgreb's Toxic Ra |       |     1 |     8 ||     9
  Use: Scroll            |       |     7 |       ||     7
       Potion            |       |       |     1 ||     1
 Stab: Sleeping          |    13 |    10 |     3 ||    26
       Confused          |       |     2 |     5 ||     7
       Distracted        |       |     2 |       ||     2
  Eat: Chunk             |     2 |     8 |     9 ||    19
Armor: Skin              |     6 |     8 |     1 ||    15
Dodge: Dodged            |    47 |    58 |    42 ||   147
